 Dungeon Crawl Stone Soup version 0.31.0-1-g2c135a008e (webtiles) character file.

Game seed: 13270263358874305794

378 qw the Shooter (level 7, 0/52 HPs)
             Began as a Djinni Hunter on Jan 23, 2024.
             Slain by an orc
             ... wielding a +0 flail
              (6 damage)
             ... on level 5 of the Dungeon.
             The game lasted 00:00:09 (1992 turns).

qw the Shooter (Djinni Hunter)                      Turns: 1992, Time: 00:00:10

Health: 0/52       AC:  8    Str: 10    XL:     7   Next: 4%
Gold:   159        EV: 11    Int: 15    God:
                   SH:  0    Dex: 19

rFire   + + .        a - +0 shortbow (drain)
rCold   . . .        (shield currently unavailable)
rNeg    . . .        b - +0 ring mail of the Gloaming {rC+ MP+9 Int+5}
rPois   inf          (no helmet)
rElec   .            g - +2 cloak
rCorr   .            (no gloves)
SInv    .            (boots unavailable)
Will    .....        (no amulet)
Stlth   +            (no ring)
HPRegen 0.28/turn    (no ring)
MPRegen 0.00/turn

%: infuse magic (-1 HP)
@: flying
A: sickness immunity, fire resistance 2, cold vulnerability 1, float, innate
caster, HP casting, extra vitality 1
a: no special abilities


You were on level 5 of the Dungeon.
You visited 1 branch of the dungeon, and saw 4 of its levels.

You collected 159 gold pieces.


Innate Abilities, Weirdness & Mutations

You are immune to sickness and miasma.
You are immune to poison.
Your flesh is very heat resistant. (rF++)
You are vulnerable to cold. (rC-)
You float through the air rather than walking.
You learn spells naturally, not from books.
Your magical power is your life essence.
You have superior vitality. (+4 MHP)


   Skills:
 - Level 4.0 Fighting
 + Level 5.2 Ranged Weapons
 - Level 1.0 Armour
 - Level 3.3 Dodging
 - Level 0.7 Stealth


You knew the following spells:

 Your Spells              Type           Power      Damage    Failure   Level
a - Shock                 Conj/Air       0%         1d3       56%         1
b - Lesser Beckoning      Tloc           0%         N/A       71%         2
c - Blink                 Tloc           0%         N/A       71%         2
Your spell library was empty.

Inventory:

Hand Weapons
 a - a +0 shortbow of draining (weapon)
Armour
 b - the +0 ring mail of the Gloaming (worn) {rC+ MP+9 Int+5}
   (You found it on level 2 of the Dungeon)

   Int+5:     It affects your intelligence (+5).
   rC+:       It protects you from cold.
   MP+9:      It affects your magic capacity (+9).
 g - a +2 cloak (worn)
Scrolls
 d - a scroll of identify
 j - a scroll of acquirement {unknown}
Potions
 c - a potion of enlightenment
 e - a potion of cancellation {unknown}
 f - a potion of brilliance {unknown}
 h - a potion of mutation {unknown}
 i - a potion of attraction {unknown}
 k - a potion of magic {unknown}

Dungeon Overview and Level Annotations

Branches:
Dungeon (3/15)

Altars:
Elyvilon


Message History

You shoot an arrow. The arrow barely misses the scorpion.
The scorpion misses you. The scorpion closely misses you.
You shoot an arrow. The arrow hits the scorpion.
You drain the scorpion.
The scorpion is heavily wounded.
The scorpion barely misses you. x2
You shoot an arrow. The arrow barely misses the scorpion.
The scorpion closely misses you.
You shoot an arrow. The arrow hits the scorpion.
The scorpion is severely wounded.
The scorpion stings you. The scorpion misses you.
You shoot an arrow.
The arrow hits the scorpion but does no damage.
The scorpion is severely wounded.
The scorpion stings you but does no damage.
You shoot an arrow.
The arrow hits the scorpion but does no damage.
You drain the scorpion.
The scorpion is almost dead.
The scorpion stings you but does no damage.
The scorpion stings you.
You shoot an arrow. The arrow hits the scorpion.
You kill the scorpion!
You have reached level 7!
The power to cast Blink wells up from within.
Spell assigned to 'c'.
You shoot an arrow. The arrow hits the orc.
You drain the orc.
The orc is heavily wounded.
The orc hits you with a +0 flail. The orc barely misses you.
You shoot an arrow. The arrow barely misses the orc.
The orc hits you with a +0 flail.
You shoot an arrow. The arrow hits the orc.
The orc is severely wounded.
The orc hits you with a +0 flail!
You shoot an arrow. The arrow closely misses the orc.
The orc barely misses you.
You shoot an arrow.
The arrow hits the orc but does no damage.
The orc is severely wounded.
The orc hits you with a +0 flail.
You die...

## .. .# #+#'# .#
#.#.##o#
#.#.)@)####
######.#..........
...............##.
#####.##..#..#.#
#.%......#.#
####..#....##
#......... #
#.######## #.
###.#


You could see an orc (very drained).

Vanquished Creatures
  A black bear (D:5)
  A scorpion (D:5)
  A bombardier beetle (D:5)
  A jelly (D:5)
  2 orc priests (D:5)
  An iguana (D:5)
  2 adders
  A dart slug (D:2)
  An orc (D:5)
  7 ball pythons
  7 bats
  6 endoplasms
  3 giant cockroaches
  4 hobgoblins
  5 jackals
  5 kobolds
  2 quokkas
  3 frilled lizards
  2 goblins
  3 rats
58 creatures vanquished.

Notes
Turn   | Place    | Note
-------+----------+-------------------------------------------
     0 | D:1      | qw the Djinni Hunter began the quest for the Orb.
     0 | D:1      | Reached XP level 1. HP: 18/18 MP: 0/0
     0 | D:1      | 0 ||| qw: Version: 0.3-a-132-g3d54051
     0 | D:1      | 0 ||| qw: Game counter: 583
     0 | D:1      | 0 ||| qw: Melee chars always use a shield: true
     0 | D:1      | 0 ||| qw: God list: Okawaru
     0 | D:1      | 0 ||| qw: Allow faded altars: false
     0 | D:1      | 0 ||| qw: Do Orc after clearing Dungeon:15 true
     0 | D:1      | 0 ||| qw: Do second Lair branch before Depths: true
     0 | D:1      | 0 ||| qw: Lair rune preference: random
     0 | D:1      | 0 ||| qw: Goals: Normal
     0 | D:1      | 0 ||| PLANNING D:1-11
    78 | D:1      | Reached XP level 2. HP: 23/23 MP: 0/0
   250 | D:1      | Reached skill level 4 in Ranged Weapons
   250 | D:1      | Reached XP level 3. HP: 28/28 MP: 0/0
   250 | D:1      | Learned a level 1 spell: Shock
   616 | D:1      | 616 ||| UPGRADING to +0 ring mail.
   626 | D:1      | 626 ||| DROPPING +0 leather armour.
   627 | D:1      | 627 ||| READING 2 scrolls labelled PYMILLA XEIMO.
   628 | D:1      | 628 ||| READING scroll labelled DIOLOU DIOGORCH.
   633 | D:1      | 633 ||| READING scroll labelled VUTYEJ NAVIK.
   734 | D:1      | 734 ||| READING scroll labelled SAETAM ZEFRE.
   735 | D:1      | 735 ||| READING 2 scrolls labelled HUGUMN OCUO.
   736 | D:1      | 736 ||| DROPPING scroll of butterflies.
   737 | D:1      | 737 ||| DROPPING scroll of noise.
   738 | D:1      | 738 ||| DROPPING scroll of poison.
   941 | D:2      | Found a white marble altar of Elyvilon.
   987 | D:2      | Reached skill level 1 in Armour
  1006 | D:2      | 1006 ||| STAIRDANCE
  1035 | D:1      | 1035 ||| READING scroll labelled SYAQEO MOXAOW.
  1035 | D:1      | 1035 ||| BRANDING +0 shortbow.
  1043 | D:2      | Identified the +0 ring mail of the Gloaming {rC+ MP+9
                  | Int+5}
  1081 | D:2      | Reached XP level 4. HP: 34/34 MP: 0/0
  1109 | D:2      | 1109 ||| FLEEEEING.
  1372 | D:2      | Found a faded altar of an unknown god.
  1585 | D:2      | Reached skill level 3 in Fighting
  1703 | D:2      | 1703 ||| UPGRADING to +0 ring mail of the Gloaming {rC+
                  | MP+9 Int+5}.
  1713 | D:2      | 1713 ||| DROPPING +0 ring mail.
  1714 | D:2      | 1714 ||| UPGRADING to +2 cloak.
  1719 | D:2      | 1719 ||| READING scroll labelled YBOISOE URESO.
  1719 | D:2      | 1719 ||| IDENTIFYING metallic yellow potion
  1720 | D:2      | 1720 ||| READING scroll labelled TEXZIV IRPHETONU.
  1720 | D:2      | 1720 ||| ENCHANTING +0 shortbow of draining.
  1787 | D:3      | You are sucked into a shaft and drop 2 floors!
  1787 | D:5      | Entered Level 5 of the Dungeon
  1797 | D:5      | Noticed a black bear
  1813 | D:5      | Killed a black bear
  1814 | D:5      | Reached skill level 5 in Ranged Weapons
  1814 | D:5      | Reached XP level 5. HP: 35/40 MP: 0/0
  1814 | D:5      | Learned a level 2 spell: Lesser Beckoning
  1906 | D:5      | Reached XP level 6. HP: 46/46 MP: 0/0
  1913 | D:5      | Reached skill level 3 in Dodging
  1988 | D:5      | Reached XP level 7. HP: 19/52 MP: 0/0
  1988 | D:5      | Learned a level 2 spell: Blink
  1989 | D:5      | HP: 12/52 [orc/+0 flail (4)]
  1990 | D:5      | HP: 5/52 [orc/+0 flail (7)]
  1992 | D:5      | Slain by an orc

Levels and vault maps discovered:
D:1:      ldierk_walled_garden_2, layout_basic, minmay_vboxes
D:2:      minmay_chambers_of_twos, layout_basic,
          dreamdust_ecumenical_altar_statues, basic_altar
D:3:      layout_basic, nicolae_sif_muna_little_library, uniq_terence
D:5:      layout_basic, serial_rivers, chequers_serial_rivers_room_b,
          chequers_serial_rivers_micro_b, chequers_serial_rivers_micro_c,
          chequers_serial_rivers_micro_b, chequers_serial_rivers_micro_b,
          hex_medium, dreamdust_mushroom_princess, uniq_ijyb, uniq_edmund

Skill      XL: |  1  2  3  4  5  6 |
---------------+-------------------+-----
Ranged Weapons | 4 5 |  5.2
Armour         | 1 |  1.0
Fighting       | 3 4 |  4.0
Dodging        | 3 |  3.3
Stealth        | |  0.7

Action                     |  1- 3 |  4- 6 |  7- 9 || total
---------------------------+-------+-------+-------++-------
   Fire: Shortbow          |   102 |    80 |     5 ||   187
    Use: Scroll            |     6 |     2 |       ||     8
 Armour: Leather armour    |     8 |       |       ||     8
         Ring mail         |     9 |    56 |     4 ||    69
  Dodge: Dodged            |    21 |    44 |     2 ||    67

Table legend:
 A = Non-vault XP
 B = Vault XP
 C = Vault XP percentage of total XP
 D = Non-vault monster count
 E = Vault monster count
 F = Vault count percentage of total count
                 A         B        C        D         E       F
            +---------+---------+-------+---------+---------+-------
      Total |     513 |      27 |   5.0 |      42 |      16 |  27.6
            +---------+---------+-------+---------+---------+-------
        D:1 |      24 |      13 |  35.1 |      13 |       8 |  38.1
        D:2 |      39 |      14 |  26.4 |      17 |       8 |  32.0
        D:3 |      19 |       0 |   0.0 |       4 |       0 |   0.0
        D:5 |     431 |       0 |   0.0 |       8 |       0 |   0.0
            +---------+---------+-------+---------+---------+-------
